TOP OF THE 1ST |
Tortolita Drummers batting - Pitching for Sunset District Fog : RHP Pedro Rodríguez
|
Pitching: RHP Pedro Rodríguez
|
|
Batting: RHB Askari bin Idris
|
0-0: Ball 1-0: Ball 2-0: Ball 3-0: Swinging Strike 3-1: Swinging Strike 3-2: Strikes out looking
|
Batting: SHB Fernando Rincón
|
0-0: Ball 1-0: Called Strike 1-1: Called Strike 1-2: Foul Ball, location: 2F 1-2: Strikes out looking
|
Batting: RHB Lonnie Doble
|
0-0: SINGLE (Line Drive, 89M, EV 99.4 MPH)
|
Batting: LHB Glen Allen Mixon
|
0-0: Called Strike 0-1: SINGLE (Line Drive, 78M, EV 107.5 MPH) Lonnie Doble to second
|
Batting: LHB Jin-yong Myung
|
0-0: Fly out, F7 (Flyball, 7, EV 95.6 MPH)
|
Top of the 1st over - 0 runs, 2 hits, 0 errors, 2 left on base; Tortolita 0 - Sunset District 0 |
BOTTOM OF THE 1ST |
Sunset District Fog batting - Pitching for Tortolita Drummers : LHP Risto Hannila
|
Pitching: LHP Risto Hannila
|
|
Batting: RHB Michael Hughes
|
0-0: Called Strike 0-1: Foul Ball, location: 2F 0-2: Strikes out swinging
|
Batting: SHB Eustacio Tafalla
|
0-0: Called Strike 0-1: Swinging Strike 0-2: Ball 1-2: Strikes out swinging
|
Batting: RHB Marcos Avilés
|
0-0: Ball 1-0: Fly out, F9 (Line Drive, 9, EV 90.6 MPH)
|
Bottom of the 1st over - 0 runs, 0 hits, 0 errors, 0 left on base; Tortolita 0 - Sunset District 0 |
TOP OF THE 2ND |
Tortolita Drummers batting - Pitching for Sunset District Fog : RHP Pedro Rodríguez
|
Batting: RHB Ken Moore
|
0-0: Ball 1-0: Ball 2-0: Fly out, F9 (Flyball, 89D, EV 86.9 MPH)
|
Batting: SHB John Wilder
|
0-0: Called Strike 0-1: Ball 1-1: Ball 2-1: Called Strike 2-2: Ball 3-2: Foul Ball, location: 2F 3-2: Base on Balls
|
Batting: RHB Tomás Costello
|
0-0: Called Strike 0-1: Ball 1-1: Swinging Strike 1-2: Strikes out looking
|
Batting: SHB Takechi Yamashita
|
0-0: Called Strike 0-1: Foul Ball, location: 2F 0-2: Ball 1-2: Ball 2-2: Foul Ball, location: 2F 2-2: DOUBLE (Line Drive, 7LD, EV 107.5 MPH) John Wilder to third
|
Batting: RHB Askari bin Idris
|
0-0: Foul Ball, location: 2F 0-1: Called Strike 0-2: Ball 1-2: Foul Ball, location: 2F 1-2: Strikes out looking
|
Top of the 2nd over - 0 runs, 1 hit, 0 errors, 2 left on base; Tortolita 0 - Sunset District 0 |
BOTTOM OF THE 2ND |
Sunset District Fog batting - Pitching for Tortolita Drummers : LHP Risto Hannila
|
Batting: RHB Johnny Jones
|
0-0: Fly out, F8 (Flyball, 8LD, EV 89.4 MPH)
|
Batting: RHB Ezra Booth
|
0-0: Called Strike 0-1: Ball 1-1: Foul Ball, location: 2F 1-2: Hit by Pitch
|
Batting: LHB Steve Williams
|
0-0: Ball Ezra Booth steals 2nd base (no throw) 1-0: SINGLE (Groundball, 4D, EV 94.4 MPH) Ezra Booth to third Runner from 3rd tries for Home, SAFE, throw by RF to home Steve Williams to second
|
Batting: RHB Roger Campbell
|
0-0: Called Strike 0-1: Ball 1-1: Swinging Strike 1-2: Ball 2-2: Ground out 5-3 (Groundball, 56, EV 103.8 MPH)
|
Batting: LHB Juan Arellano
|
0-0: Swinging Strike 0-1: Ball 1-1: Ground out 4-3 (Groundball, 4D, EV 97.5 MPH)
|
Bottom of the 2nd over - 1 run, 1 hit, 0 errors, 1 left on base; Tortolita 0 - Sunset District 1 |
TOP OF THE 3RD |
Tortolita Drummers batting - Pitching for Sunset District Fog : RHP Pedro Rodríguez
|
Batting: SHB Fernando Rincón
|
0-0: Called Strike 0-1: Called Strike 0-2: Ball 1-2: Foul Ball, location: 2F 1-2: Strikes out swinging
|
Batting: RHB Lonnie Doble
|
0-0: Called Strike 0-1: Called Strike 0-2: Ball 1-2: Foul Ball, location: 2F 1-2: Ground out 6-3 (Groundball, 6, EV 91.2 MPH)
|
Batting: LHB Glen Allen Mixon
|
0-0: Called Strike 0-1: Swinging Strike 0-2: Foul Ball, location: 2F 0-2: Ball 1-2: Strikes out looking
|
Top of the 3rd over - 0 runs, 0 hits, 0 errors, 0 left on base; Tortolita 0 - Sunset District 1 |
BOTTOM OF THE 3RD |
Sunset District Fog batting - Pitching for Tortolita Drummers : LHP Risto Hannila
|
Batting: RHB Doug Becker
|
0-0: Called Strike 0-1: SINGLE (Flyball, 89S, EV 95.0 MPH)
|
Batting: RHB Michael Hughes
|
0-0: Called Strike 0-1: Foul Ball, location: 2F 0-2: Foul Ball, location: 2F 0-2: Ball 1-2: Ball 2-2: Foul Ball, location: 2F 2-2: SINGLE (Line Drive, 4M, EV 96.9 MPH) Doug Becker to second
|
Batting: SHB Eustacio Tafalla
|
0-0: Foul Ball, location: 2F 0-1: SINGLE (Groundball, 6MD, EV 105.6 MPH) Doug Becker to third Michael Hughes to second Runner from 3rd tries for Home, SAFE, throw by CF to home
|
Batting: RHB Marcos Avilés
|
0-0: Ball 1-0: Ball 2-0: Foul Ball, location: 2F 2-1: Called Strike 2-2: Foul Ball, location: 2F 2-2: Grounds into double play, 4-6-3 (Groundball, 4, EV 83.1 MPH) Michael Hughes to third
|
Batting: RHB Johnny Jones
|
0-0: Fly out, F8 (Flyball, 8LM, EV 95.0 MPH)
|
Bottom of the 3rd over - 1 run, 3 hits, 0 errors, 1 left on base; Tortolita 0 - Sunset District 2 |
TOP OF THE 4TH |
Tortolita Drummers batting - Pitching for Sunset District Fog : RHP Pedro Rodríguez
|
Batting: LHB Jin-yong Myung
|
0-0: Called Strike 0-1: Ball 1-1: Ground out 4-3 (Groundball, 4, EV 105.0 MPH)
|
Batting: RHB Ken Moore
|
0-0: Swinging Strike 0-1: Ball 1-1: Ball 2-1: Foul Ball, location: 2F 2-2: Ball 3-2: Base on Balls
|
Pitching: RHP Akinori Yamauchi
|
|
Batting: SHB John Wilder
|
0-0: Ball 1-0: Called Strike 1-1: Swinging Strike 1-2: Foul Ball, location: 2F 1-2: Ball 2-2: Foul Ball, location: 2F 2-2: Foul Ball, location: 2F 2-2: Strikes out swinging
|
Batting: RHB Tomás Costello
|
0-0: Called Strike 0-1: Ball 1-1: Foul Ball, location: 2F 1-2: Foul Ball, location: 2F 1-2: Fielders Choice at 2nd, U6 (Groundball, 6M, EV 108.8 MPH)
|
Top of the 4th over - 0 runs, 0 hits, 0 errors, 1 left on base; Tortolita 0 - Sunset District 2 |
BOTTOM OF THE 4TH |
Sunset District Fog batting - Pitching for Tortolita Drummers : LHP Risto Hannila
|
Batting: RHB Ezra Booth
|
0-0: Ball 1-0: Foul Ball, location: 2F 1-1: Ball 2-1: Called Strike 2-2: Ball 3-2: Ground out 5-3 (Groundball, 56, EV 86.9 MPH)
|
Batting: LHB Steve Williams
|
0-0: Ball 1-0: Foul Ball, location: 2F 1-1: Called Strike 1-2: Ball 2-2: Ground out 4-3 (Groundball, 4, EV 103.8 MPH)
|
Batting: RHB Roger Campbell
|
0-0: Foul Ball, location: 2F 0-1: Ball 1-1: Ball 2-1: Foul Ball, location: 2F 2-2: Ball 3-2: Foul Ball, location: 2F 3-2: Fly out, F7 (Line Drive, 7, EV 91.2 MPH)
|
Bottom of the 4th over - 0 runs, 0 hits, 0 errors, 0 left on base; Tortolita 0 - Sunset District 2 |
TOP OF THE 5TH |
Tortolita Drummers batting - Pitching for Sunset District Fog : RHP Akinori Yamauchi
|
Batting: SHB Takechi Yamashita
|
0-0: Foul Ball, location: 2F 0-1: Ground out 6-3 (Groundball, 6M, EV 80.6 MPH)
|
Batting: RHB Askari bin Idris
|
0-0: Ball 1-0: Foul Ball, location: 2F 1-1: Foul Ball, location: 2F 1-2: Foul Ball, location: 2F 1-2: Ball 2-2: Strikes out swinging
|
Batting: SHB Fernando Rincón
|
0-0: Ball 1-0: Foul Ball, location: 2F 1-1: SINGLE (Line Drive, 7S, EV 88.1 MPH)
|
Batting: RHB Lonnie Doble
|
0-0: Ball 1-0: SINGLE (Groundball, 34S, EV 72.5 MPH) (infield hit) Fernando Rincón to second
|
Batting: LHB Glen Allen Mixon
|
0-0: Ball 1-0: Ball 2-0: SINGLE (Groundball, 4D, EV 93.8 MPH) Fernando Rincón to third Lonnie Doble to second Runner from 3rd tries for Home, SAFE, no throw by CF
|
Batting: LHB Jin-yong Myung
|
0-0: Foul Ball, location: 2F 0-1: Swinging Strike 0-2: Strikes out swinging
|
Top of the 5th over - 1 run, 3 hits, 0 errors, 2 left on base; Tortolita 1 - Sunset District 2 |
BOTTOM OF THE 5TH |
Sunset District Fog batting - Pitching for Tortolita Drummers : LHP Risto Hannila
|
Batting: LHB Juan Arellano
|
0-0: Ball 1-0: Ball 2-0: Ground out U3 (Groundball, 3, EV 83.1 MPH)
|
Pitching: LHP Valentyn Hochmiller
|
|
Batting: RHB Doug Becker
|
0-0: Called Strike 0-1: Ground out 5-3 (Groundball, 56, EV 84.4 MPH)
|
Batting: RHB Michael Hughes
|
0-0: Called Strike 0-1: Foul Ball, location: 2F 0-2: Strikes out swinging
|
Bottom of the 5th over - 0 runs, 0 hits, 0 errors, 0 left on base; Tortolita 1 - Sunset District 2 |
TOP OF THE 6TH |
Tortolita Drummers batting - Pitching for Sunset District Fog : RHP Akinori Yamauchi
|
Batting: RHB Ken Moore
|
0-0: Ball 1-0: SINGLE (Groundball, 4M, EV 99.4 MPH)
|
Batting: SHB John Wilder
|
0-0: Called Strike 0-1: Ball 1-1: SINGLE (Line Drive, 89S, EV 93.1 MPH) Ken Moore to second
|
Pitching: RHP Larry Strozier
|
|
Batting: RHB Tomás Costello
|
0-0: Sac Bunt to 15S - play at first, batter OUT! 1-3 Ken Moore to third John Wilder to second
|
Batting: SHB Takechi Yamashita
|
0-0: Ball 1-0: Swinging Strike 1-1: SINGLE (Groundball, 34D, EV 106.9 MPH) Ken Moore scores John Wilder to third
|
Batting: RHB Askari bin Idris
|
0-0: Ball 1-0: Foul Ball, location: 2F 1-1: Foul Ball, location: 2F 1-2: Strikes out looking
|
Batting: SHB Fernando Rincón
|
0-0: Ball 1-0: Ball 2-0: Swinging Strike 2-1: Ball 3-1: Swinging Strike 3-2: Foul Ball, location: 2F 3-2: Base on Balls Takechi Yamashita to second
|
Batting: RHB Lonnie Doble
|
0-0: Ball 1-0: Called Strike 1-1: Foul Ball, location: 2F 1-2: Ball 2-2: Ball 3-2: Base on Balls John Wilder scores Takechi Yamashita to third Fernando Rincón to second
|
Batting: LHB Glen Allen Mixon
|
0-0: Called Strike 0-1: Fly out, F7 (Line Drive, 7, EV 106.9 MPH)
|
Top of the 6th over - 2 runs, 3 hits, 0 errors, 3 left on base; Tortolita 3 - Sunset District 2 |
BOTTOM OF THE 6TH |
Sunset District Fog batting - Pitching for Tortolita Drummers : LHP Valentyn Hochmiller
|
Batting: SHB Eustacio Tafalla
|
0-0: Called Strike 0-1: Foul Ball, location: 2F 0-2: Foul Ball, location: 2F 0-2: Ball 1-2: Strikes out swinging
|
Batting: RHB Marcos Avilés
|
0-0: Swinging Strike 0-1: Ball 1-1: Ball 2-1: Ball 3-1: SINGLE (Flyball, 7S, EV 93.8 MPH)
|
Batting: RHB Johnny Jones
|
0-0: Ball 1-0: Called Strike 1-1: Ball 2-1: Fly out, F9 (Flyball, 89M, EV 75.6 MPH)
|
Batting: RHB Ezra Booth
|
0-0: Ball 1-0: Ball 2-0: Called Strike 2-1: Fielders Choice at 2nd, 6-4 (Groundball, 6, EV 98.1 MPH)
|
Bottom of the 6th over - 0 runs, 1 hit, 0 errors, 1 left on base; Tortolita 3 - Sunset District 2 |
TOP OF THE 7TH |
Tortolita Drummers batting - Pitching for Sunset District Fog : RHP Larry Strozier
|
Batting: LHB Jin-yong Myung
|
0-0: SOLO HOME RUN (Flyball, 89XD, EV 112.5 MPH), Distance : 448 ft
|
Batting: RHB Ken Moore
|
0-0: Called Strike 0-1: Ground out 6-3 (Groundball, 6, EV 100.0 MPH)
|
Batting: SHB John Wilder
|
0-0: Swinging Strike 0-1: Ground out 4-3 (Groundball, 4M, EV 84.4 MPH)
|
Batting: RHB Tomás Costello
|
0-0: Swinging Strike 0-1: Ball 1-1: Ball 2-1: Ground out 5-3 (Groundball, 56, EV 83.8 MPH)
|
Top of the 7th over - 1 run, 1 hit, 0 errors, 0 left on base; Tortolita 4 - Sunset District 2 |
BOTTOM OF THE 7TH |
Sunset District Fog batting - Pitching for Tortolita Drummers : LHP Valentyn Hochmiller
|
Batting: LHB Steve Williams
|
0-0: Ball 1-0: Called Strike 1-1: Fly out, F7 (Flyball, 78S, EV 89.4 MPH)
|
Batting: RHB Roger Campbell
|
0-0: Swinging Strike 0-1: Ball 1-1: Foul Ball, location: 2F 1-2: Ball 2-2: Ball 3-2: Foul Ball, location: 2F 3-2: TRIPLE (Line Drive, 78XD, EV 108.1 MPH)
|
Batting: LHB Juan Arellano
|
0-0: Ball Steal of home, Roger Campbell is out 1-0: Foul Ball, location: 2F 1-1: Ball 2-1: Foul Ball, location: 2F 2-2: Ball 3-2: Fly out, F7 (Flyball, 7S, EV 73.8 MPH)
|
Bottom of the 7th over - 0 runs, 1 hit, 0 errors, 0 left on base; Tortolita 4 - Sunset District 2 |
TOP OF THE 8TH |
Tortolita Drummers batting - Pitching for Sunset District Fog : RHP Larry Strozier
|
Batting: SHB Takechi Yamashita
|
0-0: Ball 1-0: SINGLE (Flyball, 7LS, EV 85.6 MPH)
|
Pitching: RHP Hendrikjan Zweers
|
|
Batting: RHB Askari bin Idris
|
0-0: Bunt missed! 0-1: Bunt missed! 0-2: Foul Ball, location: 2F 0-2: Strikes out looking
|
Batting: SHB Fernando Rincón
|
0-0: Ball 1-0: Called Strike 1-1: Fly out, F8 (Flyball, 8RD, EV 90.6 MPH)
|
Batting: RHB Lonnie Doble
|
0-0: Ball 1-0: Swinging Strike 1-1: Called Strike 1-2: Ball 2-2: Ball 3-2: Foul Ball, location: 2F 3-2: Ground out 1-3 (Groundball, 34S, EV 71.2 MPH)
|
Top of the 8th over - 0 runs, 1 hit, 0 errors, 1 left on base; Tortolita 4 - Sunset District 2 |
BOTTOM OF THE 8TH |
Sunset District Fog batting - Pitching for Tortolita Drummers : LHP Valentyn Hochmiller
|
Batting: RHB Doug Becker
|
0-0: Called Strike 0-1: Foul Ball, location: 2F 0-2: Ball 1-2: Foul Ball, location: 2F 1-2: Ground out 5-3 (Groundball, 56, EV 97.5 MPH)
|
Batting: RHB Michael Hughes
|
0-0: Ball 1-0: Ball 2-0: Ball 3-0: Base on Balls
|
Batting: SHB Eustacio Tafalla
|
0-0: Foul Ball, location: 2F 0-1: SINGLE (Line Drive, 7S, EV 106.2 MPH) Michael Hughes to second
|
Pitching: RHP Nam Yee Yong
|
|
Batting: RHB Marcos Avilés
|
0-0: Ball 1-0: 3-RUN HOME RUN (Flyball, 78XD, EV 105.0 MPH), Distance : 429 ft
|
Batting: RHB Johnny Jones
|
0-0: Ball 1-0: Called Strike 1-1: Ball 2-1: Foul Ball, location: 2F 2-2: Ground out 5-3 (Groundball, 56, EV 101.2 MPH)
|
Batting: RHB Ezra Booth
|
0-0: Ball 1-0: Ball 2-0: Called Strike 2-1: Ground out 6-3 (Groundball, 6, EV 90.0 MPH)
|
Bottom of the 8th over - 3 runs, 2 hits, 0 errors, 0 left on base; Tortolita 4 - Sunset District 5 |
TOP OF THE 9TH |
Tortolita Drummers batting - Pitching for Sunset District Fog : RHP Hendrikjan Zweers
|
Pitching: RHP Carlos Arreola
|
|
Now in CF: Doug Cole
|
|
Batting: LHB Glen Allen Mixon
|
0-0: Foul Ball, location: 2F 0-1: Ball 1-1: Foul Ball, location: 2F 1-2: Ball 2-2: Ball 3-2: Fly out, F9 (Flyball, 89S, EV 91.2 MPH)
|
Batting: LHB Jin-yong Myung
|
0-0: Ball 1-0: Called Strike 1-1: Ball 2-1: Ball 3-1: Base on Balls
|
Batting: RHB Ken Moore
|
0-0: Ball 1-0: Fly out, F7 (Line Drive, 7D, EV 93.1 MPH)
|
Batting: SHB John Wilder
|
0-0: Called Strike 0-1: 2-RUN HOME RUN (Flyball, 89XD, EV 96.2 MPH), Distance : 448 ft
|
Batting: RHB Tomás Costello
|
0-0: Foul Ball, location: 2F 0-1: Ground out 5-3 (Groundball, 56, EV 106.2 MPH)
|
Top of the 9th over - 2 runs, 1 hit, 0 errors, 0 left on base; Tortolita 6 - Sunset District 5 |
BOTTOM OF THE 9TH |
Sunset District Fog batting - Pitching for Tortolita Drummers : RHP Nam Yee Yong
|
Pitching: RHP Gojong Joseon
|
|
Now at 3B: Mason Congdon
|
|
Now in RF: Scotty Glenn
|
|
Batting: LHB Steve Williams
|
0-0: Ball 1-0: Foul Ball, location: 2F 1-1: Called Strike 1-2: Strikes out looking
|
Batting: RHB Roger Campbell
|
0-0: Ball 1-0: Foul Ball, location: 2F 1-1: Ball 2-1: Foul Ball, location: 2F 2-2: Ground out 6-3 (Groundball, 6, EV 101.2 MPH)
|
Batting: LHB Juan Arellano
|
0-0: Ball 1-0: Ball 2-0: Called Strike 2-1: Foul Ball, location: 2F 2-2: Ball 3-2: Ground out 1-3 (Groundball, P, EV 85.0 MPH)
|
Bottom of the 9th over - 0 runs, 0 hits, 0 errors, 0 left on base; Tortolita 6 - Sunset District 5 |
|